 Dungeon Crawl Stone Soup version 0.28-a0-899-gf2b78a14d2 (webtiles) character file.

Game seed: 13871053486072875911

114 Conn the Sneak (level 4, 0/28 HPs)
             Began as an Octopode Fire Elementalist on Nov 23, 2021.
             Slain by a sky beast (6 damage)
             ... on level 3 of the Dungeon.
             The game lasted 00:03:56 (4176 turns).

Conn the Sneak (Octopode Fire Elementalist)         Turns: 4176, Time: 00:03:57

Health: 0/28       AC:  1    Str:  7    XL:     4   Next: 98%
Magic:  3/8        EV: 13    Int: 18    God:
Gold:   73         SH:  0    Dex: 12    Spells: 1/8 levels left

rFire   + . .      SeeInvis .   f - +0 dagger
rCold   . . .      Faith    .   (no shield)
rNeg    . . .      Spirit   .   (helmet restricted)
rPois   .          Reflect  .   (no amulet)
rElec   .          Harm     .   j - ring of resist corrosion
rCorr   +          Rampage  .   s - ring of protection from fire
Will    .....                   (no ring)
Stlth   +++.......              (no ring)
HPRegen 0.09/turn               (no ring)
MPRegen 0.11/turn               (no ring)
                                (no ring)
                                (no ring)

@: no status effects
A: almost no armour, amphibious, 8 rings, camouflage 1, gelatinous body 1,
(nimble swimmer 1), tentacles
a: no special abilities


You were on level 3 of the Dungeon.
You visited 1 branch of the dungeon, and saw 3 of its levels.

You collected 73 gold pieces.

Inventory:

Hand Weapons
 f - a +0 dagger (weapon)
Missiles
 r - 7 poisoned darts
Armour
 k - a +0 kite shield
Jewellery
 j - a ring of resist corrosion (left tentacle)
 s - a ring of protection from fire (right tentacle)
Scrolls
 a - a scroll of enchant armour {unknown}
 b - 4 scrolls of identify {unknown}
 c - a scroll of magic mapping {unknown}
 d - 2 scrolls of noise {unknown}
 e - 2 scrolls of teleportation {unknown}
 h - 2 scrolls of enchant weapon {unknown}
 i - a scroll of amnesia {unknown}
 l - a scroll of fear {unknown}
 n - a scroll of immolation {unknown}
 p - a scroll of vulnerability {unknown}
Potions
 g - a potion of lignification {unknown}
 m - a potion of might {unknown}
 o - a potion of curing {unknown}
 q - a potion of berserk rage {unknown}


   Skills:
 + Level 1.0 Fighting
 + Level 0.1 Short Blades
 + Level 2.6 Dodging
 + Level 3.9 Stealth
 + Level 0.2 Unarmed Combat
 + Level 2.6 Spellcasting
 + Level 1.3 Conjurations
 + Level 3.8 Fire Magic


You had one spell level left.
You knew the following spells:

 Your Spells              Type           Power      Damage    Failure   Level
a - Foxfire               Conj/Fire      44%        2x1d6     6%          1
b - Conjure Flame         Conj/Fire      11%        6-21      19%         3
c - Inner Flame           Hex/Fire       9%         N/A       22%         3

Your spell library contained the following spells:

 Spells                   Type           Power      Damage    Failure   Level
 Animate Skeleton         Necr           4%         N/A       17%         1
 Pain                     Necr           8%         1d4       17%         1
 Scorch                   Fire           32%        2d7       5%          2
 Ensorcelled Hibernation  Hex/Ice        4%         N/A       26%         2
 Gell's Gravitas          Tloc           2%         N/A       45%         3
 Lesser Beckoning         Tloc           2%         N/A       45%         3
 Spider Form              Tmut/Pois      2%         N/A       45%         3
 Teleport Other           Tloc           2%         N/A       45%         3
 Vampiric Draining        Necr           2%         2d6       45%         3
 Flame Wave               Conj/Fire      11%        3d4       52%         4
 Dispersal                Tloc           1%         N/A       100%        6


Dungeon Overview and Level Annotations

Branches:
Dungeon (3/15)

Altars:

Annotations:
D:2 1 runed translucent door, Crazy Yiuf


Innate Abilities, Weirdness & Mutations

You cannot wear most types of armour.
You are amphibious.
You can wear up to eight rings at the same time.
Your skin changes colour to match your surroundings (Stealth+).
Your rubbery body absorbs attacks. (AC +1, EV +1)
((You are camouflaged near water. (Stealth+)))
You have tentacles for arms and can constrict up to eight enemies at once.


Message History

The sky beast is severely wounded.
The sky beast flickers out of sight!
Deactivating autopickup; reactivate with Ctrl-A.
There is an escape hatch in the floor here.
Casting: Foxfire (safe; 6% risk of failure)
Confirm with . or Enter, or press ? or * to list all spells.
You conjure some foxfire!
A sky beast appears from thin air!
Reactivating autopickup.
The sky beast hits you. The sky beast shocks you.
Unknown command.
The foxfire hits the sky beast.
The sky beast is almost dead.
The foxfire hits the sky beast.
The sky beast is almost dead.
Unknown command.
Casting: Foxfire (safe; 6% risk of failure)
Confirm with . or Enter, or press ? or * to list all spells.
You conjure some foxfire!
The sky beast completely misses you.
Unknown command.
The foxfire hits the sky beast.
The sky beast is almost dead.
The foxfire hits the sky beast but does no damage.
The sky beast is almost dead.
Unknown command.
Casting: Foxfire (safe; 6% risk of failure)
Confirm with . or Enter, or press ? or * to list all spells.
You conjure some foxfire!
The sky beast hits you. The sky beast shocks you.
Unknown command.
The foxfire hits the sky beast.
The sky beast is almost dead.
The foxfire hits the sky beast but does no damage.
The sky beast is almost dead.
The sky beast flickers out of sight!
Deactivating autopickup; reactivate with Ctrl-A.
Casting: Foxfire (safe; 6% risk of failure)
Confirm with . or Enter, or press ? or * to list all spells.
You conjure some foxfire!
Something hits you.
* * * LOW HITPOINT WARNING * * *
Something shocks you.
You die...

..)...................[....##.#
#+##....................##.##.#
####'###'#...........##.##.#
#.# #.#...........##.##.#
#.###'#######.....##.##.#
#.##..............##.##.#
#.##.......)......##.##.##
#.#.).....v.......##.#....
#.#......@v.......##.#..##
#.#.......§.......##.#....
#............#.###.#...#
#....>.#######'###'#...#
#......# #..........#
###'#########...........
..........# #...'...........
..........# #.###........÷..
...g......# #.# #........)..


There were no monsters in sight!

Vanquished Creatures
  4 adders (D:2)
  A worm (D:2)
  2 dart slugs (D:1)
  3 endoplasms (D:1)
  2 giant cockroaches (D:1)
  6 goblins
  3 hobgoblins
  19 jackals
  4 kobolds
  6 quokkas
  A ball python (D:1)
  5 bats
  A frilled lizard (D:1)
  5 rats
62 creatures vanquished.

Vanquished Creatures (collateral kills)
  2 foxfires (D:2)
2 creatures vanquished.

Vanquished Creatures (others)
  132 foxfires
  A plant (D:2)
133 creatures vanquished.

Grand Total: 197 creatures vanquished

Notes
Turn   | Place    | Note
-------+----------+-------------------------------------------
     0 | D:1      | Conn the Octopode Fire Elementalist began the quest for the
                  | Orb.
     0 | D:1      | Reached XP level 1. HP: 11/11 MP: 3/3
   175 | D:1      | Reached XP level 2. HP: 17/17 MP: 0/5
   754 | D:1      | Reached XP level 3. HP: 9/21 MP: 2/6
  1654 | D:2      | HP: 1/21 [worm (11)]
  2035 | D:2      | Reached XP level 4. HP: 21/27 MP: 0/7
  2116 | D:2      | Reached skill level 1 in Fighting
  3243 | D:2      | Found a runed translucent door.
  3244 | D:2      | Noticed Crazy Yiuf
  3258 | D:2      | Learned a level 3 spell: Conjure Flame
  3262 | D:2      | Learned a level 3 spell: Inner Flame
  4054 | D:3      | Found a faded altar of an unknown god.
  4163 | D:3      | Noticed a sky beast
  4176 | D:3      | Slain by a sky beast

Illustrated notes

Levels and vault maps discovered:
D:1:      lemuel_arrival_behind_the_door_large, layout_loops_ring
D:2:      cheibrodos_old_hovel, layout_basic, uniq_crazy_yiuf_cottage
D:3:      kennysheep_goblin_castle, layout_basic,
          hellmonk_ecumenical_altar_heavens_door, uniq_jessica

Skill      XL: |  1  2  3  4 |
---------------+-------------+-----
Stealth        | 3 |  3.9
Fighting       | 1 |  1.0
Short Blades   | |  0.1
Dodging        | |  2.6
Unarmed Combat | |  0.2
Spellcasting   | |  2.6
Conjurations   | |  1.3
Fire Magic     | |  3.8

Action                   |  1- 3 |  4- 6 || total
-------------------------+-------+-------++-------
Melee: Unarmed           |    11 |       ||    11
       Constrict         |    12 |     4 ||    16
       Tentacles         |     6 |     2 ||     8
       Dagger            |    31 |    18 ||    49
 Cast: Foxfire           |    43 |    38 ||    81
 Stab: Sleeping          |     4 |    10 ||    14
Armor: Skin              |     3 |     2 ||     5
Dodge: Dodged            |    44 |    17 ||    61

Table legend: (Time is in decaauts)
 A = Elapsed time spent in this place.
 B = Non-inter-level travel time spent in this place.
 C = Inter-level travel time spent in this place.
 D = Time resting spent in this place.
 E = Time spent auto-exploring this place.
 F = Levels seen in this place.
 G = Mean time per level.
                   A        B        C        D        E       F      G
               +--------+--------+--------+--------+--------+-----+--------+
         Total |   4173 |   4109 |     64 |      0 |   3544 |   3 | 1391.0 |
       Dungeon |   4173 |   4109 |     64 |      0 |   3544 |   3 | 1391.0 |
               +--------+--------+--------+--------+--------+-----+--------+

Top non-repeatable levels by time:
     D:2: 2348 daAuts
     D:1: 1424 daAuts
     D:3: 401 daAuts
